 Dungeon Crawl Stone Soup version 0.21.1-1-g345015fe64 (webtiles) character file.

896 Gunterle the Slasher (level 8, -1/54 HPs)
             Began as an Octopode Fighter on July 20, 2018.
             Slain by a sky beast (5 damage)
             ... on level 6 of the Dungeon.
             The game lasted 00:18:28 (6012 turns).

Gunterle the Slasher (Octopode Fighter)             Turns: 6012, Time: 00:18:28

Health: -1/54      AC:  1    Str: 15    XL:     8   Next: 7%
Magic:  8/8        EV: 13    Int: 11    God:
Gold:   365        SH:  9    Dex: 13    Spells: 7/7 levels left

rFire    . . .     SeeInvis .   a - +0 long sword
rCold    . . .     Gourm    .   b - +0 shield
rNeg     . . .     Faith    .   (helmet restricted)
rPois    .         Spirit   .   (no amulet)
rElec    .         Reflect  .   y - ring of stealth
rCorr    +         Harm     .   n - ring of resist corrosion
MR       .....                  (no ring)
Stlth    +++++.....             (no ring)
HPRegen  0.18/turn              (no ring)
MPRegen  0.11/turn              (no ring)
                                (no ring)
                                (no ring)

@: no status effects
A: almost no armour, stealthy swim, amphibious, 8 rings, constrict 8, camouflage
1, gelatinous body 1
a: no special abilities


You were on level 6 of the Dungeon.
You were hungry.

You visited 1 branch of the dungeon, and saw 6 of its levels.

You collected 365 gold pieces.

Inventory:

Hand Weapons
 a - a +0 long sword (weapon)
 h - a +0 dagger
 t - a +0 spear
 v - a +0 rapier
 w - the +4 hand axe of the Dead {protect, rC+ Dex+4, unknown}
   (You found it on level 4 of the Dungeon)

   It protects the one who uses it against injury (+AC on strike).
   It affects your dexterity (+4).
   It protects you from cold.
 x - a +0 spear
Missiles
 j - 36 arrows
 l - 92 stones (quivered)
 o - 26 sling bullets
 q - 44 poisoned needles
Armour
 b - a +0 shield (worn)
Magical Staves
 p - an uncursed staff of conjuration {unknown}
Jewellery
 e - an uncursed ring of loudness
 n - a ring of resist corrosion (right tentacle)
 y - a ring of stealth (left tentacle)
Scrolls
 f - a scroll of enchant armour {unknown}
 m - 3 scrolls of remove curse
 r - 3 scrolls of immolation
 s - a scroll of enchant weapon {unknown}
 u - a scroll of teleportation
Potions
 c - 2 potions of might
 g - 7 potions of curing
 i - 3 potions of mutation
 k - a potion of experience {unknown}
 z - a potion of flight {unknown}
 A - a potion of ambrosia {unknown}
Comestibles
 d - 9 rations


   Skills:
 + Level 4.6 Fighting
 * Level 5.5 Long Blades
 + Level 4.7 Dodging
 + Level 4.9 Stealth
 + Level 4.6 Shields


You had 7 spell levels left.
You didn't know any spells.

Dungeon Overview and Level Annotations

Branches:
Dungeon (6/15)
 Temple: D:4-7

Altars:
Ashenzari
Fedhas
Hepliaklqana
Nemelex Xobeh
The Shining One


Innate Abilities, Weirdness & Mutations

You cannot wear most types of armour.
You are very stealthy in the water. (Stealth+)
You are amphibious.
You can wear up to eight rings at the same time.
You can use your tentacles to constrict eight enemies at once.
Your skin changes colour to match your surroundings (Stealth+).
Your rubbery body absorbs attacks. (AC +1, EV +1)


Message History

The sky beast is lightly wounded.
The sky beast hits you. The sky beast shocks you.
You barely miss the sky beast.
The sky beast is lightly wounded.
The sky beast hits you. The sky beast shocks you.
You barely miss the sky beast. You squeeze the sky beast.
The sky beast is moderately wounded.
The sky beast hits you. The sky beast shocks you.
You hit the sky beast. Your squeeze misses the sky beast.
The sky beast is heavily wounded.
The sky beast hits you.
* * * LOW HITPOINT WARNING * * *
The sky beast shocks you.
* * * LOW HITPOINT WARNING * * *
You slash the sky beast!
The sky beast is almost dead.
You block the sky beast's attack. The sky beast hits you.
* * * LOW HITPOINT WARNING * * *
The sky beast shocks you.
You die...

........#.#
.......#.# .. (....
#.# ...####.^####.#
#####.........#.#
#........#.##.#<#
#........#..#.#.#
#........##.#.#.###
#........##...#@..#
##.............#Y.##
..........###..#≈.#
.###.#+#+## ##.#..#
..5 #.≈..# #.#.
##...# #... #...# #
.. #...# ... ....#


You could see a sky beast.

Vanquished Creatures
  A sky beast (D:3)
  An ogre (D:5)
  2 scorpions (D:4)
  A howler monkey (D:5)
  2 crimson imps
  Crazy Yiuf (D:4)
  2 hounds
  An orc priest (D:5)
  2 orc wizards
  2 worker ants
  The ghost of tidbits the Grave Robber, a weakling GnNe (D:4)
  6 adders
  9 gnolls
  An ooze (D:1)
  3 adder zombies (D:5)
  4 worms
  4 dart slugs
  4 leopard geckos
  5 orcs
  6 bats
  7 giant cockroaches
  10 goblins
  6 hobgoblins
  4 jackals (D:5)
  5 kobolds
  A quokka (D:2)
  A ball python (D:3)
  4 frilled lizards
  A quokka skeleton (D:4)
  11 rats
108 creatures vanquished.

Vanquished Creatures (others)
  An orc wizard (D:5)
1 creature vanquished.

Grand Total: 109 creatures vanquished

Notes
Turn   | Place    | Note
-------+----------+-------------------------------------------
     0 | D:1      | Gunterle the Octopode Fighter began the quest for the Orb.
     0 | D:1      | Reached XP level 1. HP: 16/16 MP: 1/1
   167 | D:1      | Reached XP level 2. HP: 15/21 MP: 2/2
   297 | D:1      | Reached skill level 1 in Stealth
   503 | D:1      | Reached XP level 3. HP: 26/26 MP: 3/3
  1003 | D:2      | Reached XP level 4. HP: 31/31 MP: 4/4
  1143 | D:2      | Reached skill level 3 in Long Blades
  1760 | D:3      | Found a blossoming altar of Fedhas.
  1773 | D:3      | Reached XP level 5. HP: 5/36 MP: 5/5
  2162 | D:3      | Noticed a sky beast
  2185 | D:3      | Killed a sky beast
  2416 | D:3      | Found a glowing golden altar of the Shining One.
  2457 | D:3      | Reached XP level 6. HP: 38/43 MP: 6/6
  2980 | D:4      | Got a polished hand axe
  2986 | D:4      | Reached skill level 4 in Long Blades
  3723 | D:4      | Found a hazy altar of Hepliaklqana.
  3729 | D:4      | Noticed tidbits's ghost (weakling GnNe)
  4159 | D:4      | Killed tidbits's ghost
  4159 | D:4      | Reached XP level 7. HP: 26/48 MP: 7/7
  4409 | D:4      | Found a runed door.
  4413 | D:4      | Noticed Crazy Yiuf
  4419 | D:4      | Killed Crazy Yiuf
  4650 | D:5      | Entered Level 5 of the Dungeon
  4697 | D:5      | Found a sparkling altar of Nemelex Xobeh.
  4979 | D:5      | Reached skill level 5 in Long Blades
  5757 | D:6      | Reached XP level 8. HP: 50/54 MP: 8/8
  5761 | D:6      | Found a shattered altar of Ashenzari.
  6012 | D:6      | Slain by a sky beast

Skill      XL: |  1  2  3  4  5  6  7 |
---------------+----------------------+-----
Stealth        | 1 2 3 4 |  4.9
Long Blades    | 3 4 5 |  5.5
Shields        | 4 |  4.6
Dodging        | 4 |  4.7
Fighting       | 4 |  4.6

Action                   |  1- 3 |  4- 6 |  7- 9 || total
-------------------------+-------+-------+-------++-------
Melee: Long sword        |    47 |   107 |    71 ||   225
       Constrict         |    18 |    29 |    24 ||    71
       Tentacles         |    11 |    17 |    22 ||    50
       Dagger            |       |       |     1 ||     1
Throw: Stone             |       |     3 |       ||     3
  Use: Scroll            |       |     5 |     1 ||     6
       Potion            |       |     1 |     2 ||     3
 Stab: Sleeping          |     4 |    11 |     6 ||    21
       Distracted        |       |       |     1 ||     1
  Eat: Chunk             |       |     9 |     3 ||    12
       Ration            |       |       |     1 ||     1
Armor: Skin              |     3 |     5 |     3 ||    11
Dodge: Dodged            |    15 |    38 |    28 ||    81
Block: Shield            |    13 |    31 |    22 ||    66
       Rpst.: Long sword |     6 |    13 |     7 ||    26
